 Dungeon Crawl Stone Soup version 0.31-a0-355-g57cb03d3e8 (webtiles) character file.

Game seed: 11565265453547796384

222 gruber the Chiller (level 5, 0/38 HPs)
             Began as a Gnoll Ice Elementalist on July 24, 2023.
             Succumbed to a killer bee's poison
             ... on level 4 of the Dungeon.
             The game lasted 00:03:33 (2094 turns).

gruber the Chiller (Gnoll Ice Elementalist)         Turns: 2094, Time: 00:03:33

Health: 0/38       AC:  6    Str:  7    XL:     5   Next: 99%
Magic:  6/12       EV: 13    Int: 17    God:
Gold:   100        SH:  0    Dex: 12    Spells: 10/14 levels left

rFire   . . .        h - +0 trident
rCold   . . .        (no shield)
rNeg    . . .        a - +0 robe
rPois   .            k - melded +0 helmet
rElec   .            (cloak currently unavailable)
rCorr   .            (gloves currently unavailable)
SInv    .            (boots currently unavailable)
Will    .....        (no amulet)
Stlth   +++          l - +4 ring of protection
HPRegen 0.26/turn    (no ring)
MPRegen 0.13/turn

%: no passive effects
@: lethally poisoned (0 -> -22), beast-form, freezing walls
A: beast (slay +0), fangs 1, strong nose, distributed training
a: Begin Untransformation


You were on level 4 of the Dungeon.
You were a hulking beast.
You visited 1 branch of the dungeon, and saw 4 of its levels.

You collected 100 gold pieces.

Inventory:

Hand Weapons
 h - a +0 trident (weapon)
Armour
 a - a +0 robe (worn)
 k - a +0 helmet (melded)
Jewellery
 l - a +4 ring of protection (left hand)
Wands
 o - a wand of charming (5)
Scrolls
 g - 5 scrolls of teleportation {unknown}
 i - 2 scrolls of identify {unknown}
Potions
 b - a potion of magic
 c - a potion of might {unknown}
 d - a potion of mutation {unknown}
 e - a potion of resistance {unknown}
 f - a potion of lignification {unknown}
 j - 3 potions of curing {unknown}
 m - a potion of cancellation {unknown}
 n - a potion of degeneration {unknown}


   Skills:
 + Level 1.7 Fighting
 + Level 1.7 Short Blades
 + Level 1.7 Long Blades
 + Level 1.7 Axes
 + Level 1.7 Maces & Flails
 + Level 1.7 Polearms
 + Level 1.7 Staves
 + Level 1.7 Ranged Weapons
 + Level 1.7 Throwing
 + Level 1.7 Armour
 + Level 4.9 Dodging
 + Level 4.5 Stealth
 + Level 1.7 Shields
 + Level 1.7 Unarmed Combat
 + Level 5.3 Spellcasting
 + Level 1.3 Conjurations
 + Level 1.3 Hexes
 + Level 1.3 Summonings
 + Level 1.3 Necromancy
 + Level 1.3 Translocations
 + Level 1.3 Transmutations
 + Level 1.3 Fire Magic
 + Level 7.2 Ice Magic
 + Level 1.3 Air Magic
 + Level 1.3 Earth Magic
 + Level 1.3 Poison Magic
 + Level 2.0 Invocations
 + Level 1.7 Evocations
 + Level 1.3 Shapeshifting


You had 10 spell levels left.
You knew the following spells:

 Your Spells              Type           Power      Damage    Failure   Level
a - Freeze                Ice            100%       1d10      1%          1
b - Frozen Ramparts       Ice            58%        1d9       1%          3

Your spell library contained the following spells:

 Spells                   Type           Power      Damage    Failure   Level
 Ozocubu's Armour         Ice            29%        N/A       1%          3
 Summon Ice Beast         Ice/Summ       19%        N/A       24%         4


Dungeon Overview and Level Annotations

Branches:
Dungeon (4/15)
 Temple: D:4-7

Altars:

Shops:
D:1 :   D:2 :


Innate Abilities, Weirdness & Mutations

You are a hulking beast.
Your limbs bulge with bestial killing power. (Slay +0)
You have very sharp teeth.
Your uncanny sense of smell can sniff out nearby items.
Your experience applies equally to all skills.


Message History

The wall freezes the killer bee.
The killer bee stings you but does no damage.
The wall freezes the killer bee but does no damage.
The killer bee barely misses you.
The wall freezes the killer bee.
The killer bee stings you but does no damage.
The wall freezes the killer bee.
The killer bee stings you.
You are more poisoned.
The killer bee poisons you!
The wall freezes the killer bee but does no damage.
The killer bee closely misses you.
The wall freezes the killer bee.
The killer bee stings you.
Unknown command.
Unknown command.
Casting: Frozen Ramparts (dangerous; 2% risk of failure)
Confirm with . or Enter, or press ? or * to list all spells.
Aiming: Freeze (safe; 1% risk of failure)
Press: ? - help, Shift-Dir - straight line, f - killer bee
Aim: a killer bee (severely wounded)
You freeze the killer bee!
You kill the killer bee!
You feel very sick.
The wall freezes the killer bee. x2
The wall freezes the killer bee but does no damage.
The wall freezes the killer bee.
The killer bee stings you.
* * * LOW HITPOINT WARNING * * *
You are more poisoned.
The killer bee poisons you!
The wall freezes the killer bee.
The killer bee stings you.
* * * LOW HITPOINT WARNING * * *
The wall freezes the killer bee.
The killer bee barely misses you.
The wall freezes the killer bee. x2
Your Invocations skill increases to level 2!
Casting: Freeze (safe; 1% risk of failure)
Confirm with . or Enter, or press ? or * to list all spells.
Aiming: Freeze (safe; 1% risk of failure)
Press: ? - help, Shift-Dir - straight line, f - killer bee
Aim: a killer bee (heavily wounded)
You freeze the killer bee!
The killer bee is almost dead.
You die...

...# ...# #..# #.# ...#
#..# #.# .### #..# #.# †#
#..# #.# .# #..# #.# .#
#.y# #.# .#######
######yy# #.# ........
......yh#####'## ....#...
...............# ....+ .
...............# ....#...
...............# ).......
.##............#
..#######.##............#
..# #.#####.######.##
..## #.# #. #.#
...######.#####.# #.#


You could see 4 killer bees.

Vanquished Creatures
  2 killer bees (D:4)
  An iguana (D:4)
  Terence (D:2)
  Robin (D:2)
  A gnoll (D:1)
  3 bats (D:1)
  5 endoplasms
  3 giant cockroaches
  15 goblins
  6 hobgoblins
  4 jackals (D:2)
  4 kobolds
  2 quokkas
  5 ball pythons (D:1)
  8 frilled lizards
  4 rats
65 creatures vanquished.

Notes
Turn   | Place    | Note
-------+----------+-------------------------------------------
     0 | D:1      | gruber the Gnoll Ice Elementalist began the quest for the
                  | Orb.
     0 | D:1      | Reached XP level 1. HP: 13/13 MP: 6/6
     3 | D:1      | Found Neinle Axtu's Book Shoppe.
    40 | D:1      | Reached XP level 2. HP: 14/19 MP: 0/7
   332 | D:1      | Reached XP level 3. HP: 25/25 MP: 9/9
   351 | D:1      | Reached skill level 5 in Spellcasting
   605 | D:1      | Learned a level 3 spell: Frozen Ramparts
   689 | D:2      | Noticed Terence
   701 | D:2      | Killed Terence
   702 | D:2      | Reached skill level 1 in Fighting
   702 | D:2      | Reached skill level 1 in Short Blades
   702 | D:2      | Reached skill level 1 in Long Blades
   702 | D:2      | Reached skill level 1 in Axes
   702 | D:2      | Reached skill level 1 in Maces & Flails
   702 | D:2      | Reached skill level 1 in Polearms
   702 | D:2      | Reached skill level 1 in Staves
   702 | D:2      | Reached skill level 1 in Ranged Weapons
   702 | D:2      | Reached skill level 1 in Throwing
   702 | D:2      | Reached skill level 1 in Armour
   702 | D:2      | Reached skill level 1 in Shields
   702 | D:2      | Reached skill level 1 in Unarmed Combat
   702 | D:2      | Reached skill level 1 in Invocations
   702 | D:2      | Reached skill level 1 in Evocations
   702 | D:2      | Reached XP level 4. HP: 28/32 MP: 4/11
   772 | D:2      | Found Baipra's Book Shoppe.
  1064 | D:2      | Noticed Robin
  1108 | D:2      | Killed Robin
  1109 | D:2      | Reached skill level 1 in Conjurations
  1109 | D:2      | Reached skill level 1 in Hexes
  1109 | D:2      | Reached skill level 1 in Summonings
  1109 | D:2      | Reached skill level 1 in Necromancy
  1109 | D:2      | Reached skill level 1 in Translocations
  1109 | D:2      | Reached skill level 1 in Transmutations
  1109 | D:2      | Reached skill level 1 in Fire Magic
  1109 | D:2      | Reached skill level 1 in Air Magic
  1109 | D:2      | Reached skill level 1 in Earth Magic
  1109 | D:2      | Reached skill level 1 in Poison Magic
  1109 | D:2      | Reached skill level 1 in Shapeshifting
  1936 | D:4      | Reached XP level 5. HP: 37/37 MP: 7/12
  2094 | D:4      | Succumbed to a killer bee's poison

Illustrated notes

Levels and vault maps discovered:
D:1:      onia_arrival_pyramid, layout_rooms, serial_shops, shop
D:2:      layout_rooms, serial_shops, nicolae_diamond_shop, uniq_robin,
          uniq_terence
D:3:      layout_basic, corexii_shack
D:4:      layout_basic, gammafunk_temple_overflow_pools

Skill      XL: |  1  2  3  4  5 |
---------------+----------------+-----
Spellcasting   | 5 |  5.3
Fighting       | 1 |  1.7
Short Blades   | 1 |  1.7
Long Blades    | 1 |  1.7
Axes           | 1 |  1.7
Maces & Flails | 1 |  1.7
Polearms       | 1 |  1.7
Staves         | 1 |  1.7
Ranged Weapons | 1 |  1.7
Throwing       | 1 |  1.7
Armour         | 1 |  1.7
Shields        | 1 |  1.7
Unarmed Combat | 1 |  1.7
Invocations    | 1 2 |  2.0
Evocations     | 1 |  1.7
Conjurations   | 1 |  1.3
Hexes          | 1 |  1.3
Summonings     | 1 |  1.3
Necromancy     | 1 |  1.3
Translocations | 1 |  1.3
Transmutations | 1 |  1.3
Fire Magic     | 1 |  1.3
Air Magic      | 1 |  1.3
Earth Magic    | 1 |  1.3
Poison Magic   | 1 |  1.3
Shapeshifting  | 1 |  1.3
Dodging        | |  4.9
Stealth        | |  4.5
Ice Magic      | |  7.2

Action                     |  1- 3 |  4- 6 || total
---------------------------+-------+-------++-------
  Melee: Unarmed           |    14 |       ||    14
         Short sword       |    29 |     2 ||    31
         Bite              |     2 |     6 ||     8
         Trident           |       |    64 ||    64
         Punch             |       |     1 ||     1
   Cast: Freeze            |    21 |     9 ||    30
         Frozen Ramparts   |     1 |     8 ||     9
   Stab: Sleeping          |     6 |    10 ||    16
 Armour: Robe              |    20 |    10 ||    30
  Dodge: Dodged            |    54 |    40 ||    94
   Form: Beast             |       |     1 ||     1

Table legend: (Time is in decaauts)
 A = Elapsed time spent in this place.
 B = Non-inter-level travel time spent in this place.
 C = Inter-level travel time spent in this place.
 D = Time resting spent in this place.
 E = Time spent auto-exploring this place.
 F = Levels seen in this place.
 G = Mean time per level.
                   A        B        C        D        E       F      G
               +--------+--------+--------+--------+--------+-----+--------+
         Total |   2107 |   2026 |     81 |      0 |   1523 |   4 |  526.8 |
       Dungeon |   2107 |   2026 |     81 |      0 |   1523 |   4 |  526.8 |
               +--------+--------+--------+--------+--------+-----+--------+

Top non-repeatable levels by time:
     D:1: 688 daAuts
     D:2: 618 daAuts
     D:3: 585 daAuts
     D:4: 215 daAuts
